 Dungeon Crawl Stone Soup version 0.26.0-10-g1f06aea511 (webtiles) character file.

Game seed: 16026186507777801668

3095 Borgoz the Fighter (level 9, -7/88 HPs)
             Began as a Gargoyle Berserker on Jan 18, 2021.
             Was a High Priest of Trog.
             Mangled by a two-headed ogre
             ... wielding a +0 giant club
              (16 damage)
             ... on level 8 of the Dungeon.
             The game lasted 00:08:48 (7884 turns).

Borgoz the Fighter (Gargoyle Berserker)             Turns: 7884, Time: 00:08:49

Health: -7/88      AC: 19    Str: 21    XL:     9   Next: 90%
Magic:  9/9        EV: 13    Int:  8    God:    Trog [*****.]
Gold:   351        SH:  0    Dex: 12    Spells: 8/8 levels left

rFire    + . .     SeeInvis +   k - +3 dire flail
rCold    . . .     Faith    +   (shield currently unavailable)
rNeg     + . .     Spirit   .   h - +0 scale mail
rPois    ∞         Reflect  .   v - +2 helmet
rElec    +         Harm     .   (no cloak)
rCorr    .         Rampage  .   p - +0 pair of gloves
Will     .....                  (no boots)
Stlth    ..........             r - amulet of faith
HPRegen  0.24/turn              B - ring of protection from fire
MPRegen  0.11/turn              C - ring of see invisible

@: berserking, very quick
A: negative energy resistance 1, electricity resistance, unbreathing,
petrification resistance, miasma immunity, AC +6
a: Renounce Religion, Berserk, Trog's Hand, Brothers in Arms


You were on level 8 of the Dungeon.
You worshipped Trog.
Trog was extremely pleased with you.
You visited 2 branches of the dungeon, and saw 9 of its levels.
You also visited: Sewer.

You collected 377 gold pieces.
You spent 26 gold pieces at shops.

Inventory:

Hand Weapons
 k - a +3 dire flail (weapon)
Armour
 h - a +0 scale mail (worn)
 p - a +0 pair of gloves (worn)
 v - a +2 helmet (worn)
Jewellery
 e - an uncursed ring of willpower
 q - an uncursed ring of resist corrosion
 r - an amulet of faith (around neck)
 B - a ring of protection from fire (left hand)
 C - a ring of see invisible (right hand)
Wands
 o - a wand of flame (22)
 x - a wand of paralysis (10)
Scrolls
 b - 2 scrolls of enchant weapon
 c - 2 scrolls of teleportation
 f - 4 scrolls of remove curse
 j - a scroll of enchant armour {unknown}
 s - 2 scrolls of magic mapping
 u - a scroll of fear {unknown}
 w - a scroll of fog
 y - a scroll of identify
 D - a scroll of silence {unknown}
Potions
 a - 4 potions of brilliance {unknown}
 d - 4 potions of haste {unknown}
 g - 6 potions of heal wounds {unknown}
 i - 3 potions of flight {unknown}
 l - 8 potions of curing {unknown}
 m - a potion of ambrosia
 n - a potion of magic
 t - 2 potions of berserk rage
 z - a potion of invisibility
 A - a potion of degeneration {unknown}


   Skills:
 + Level 8.1 Fighting
 + Level 7.4 Maces & Flails
 + Level 7.7 Armour
 + Level 5.8 Dodging


You had 8 spell levels left.
You didn't know any spells.
Your spell library was empty.

Dungeon Overview and Level Annotations

Branches:
Dungeon (8/15)             Temple (1/1) D:7           Sewer (visited)
   Lair: D:8-11

Altars:
Ashenzari
Dithmenos
Gozag
Hepliaklqana
Kikubaaqudgha
Makhleb
Nemelex Xobeh
Okawaru
Qazlal
Ru
Sif Muna
Trog
Uskayaw
Vehumet
Wu Jian
Xom
Zin
The Shining One

Shops:
D:4 [*!


Innate Abilities, Weirdness & Mutations

You are resistant to torment.
Your stone body is resilient. (AC +6)
You are immune to poison.
You resist negative energy. (rN+)
You are resistant to electric shocks. (rElec)
You can survive without breathing.
You are immune to petrification.
You are immune to miasma.


Message History

You are too injured to fight recklessly!
You're still recovering from your berserk rage.
You hit the two-headed ogre.
The two-headed ogre is lightly wounded.
You recover from your berserk rage.
The two-headed ogre hits you but does no damage.
The two-headed ogre hits you with a +0 giant spiked club.
* * * LOW HITPOINT WARNING * * *
You bludgeon the two-headed ogre!!
The two-headed ogre is moderately wounded.
You hit the two-headed ogre.
The two-headed ogre is heavily wounded.
The two-headed ogre hits you with a +0 giant club!
* * * LOW HITPOINT WARNING * * *
The two-headed ogre misses you.
Okay, then.
A red film seems to cover your vision as you go berserk!
You feel yourself moving faster!
You feel mighty!
The two-headed ogre hits you with a +0 giant club!
You die...

....†###............#
...................#
#..##...............#.##
#.####......†....# ...#
### ##....#..#..# ...
##...#....# #..
##.###..## ..
#......)####.#
#.......O@.#.###..#
#....#.#)..).....#
#....###........##
###............##
#.............#
##...........##
##.......)..#
####..##..## #.## .##


You could see a two-headed ogre.

Vanquished Creatures
  Prince Ribbit (D:6)
  Grinder (D:5)
  A hornet (D:8)
  An orc warrior (D:8)
  An ice beast (D:6)
  A phantom (D:7)
  An ogre (D:8)
  3 centaurs
  3 big kobolds (Sewer)
  A wyvern zombie (D:7)
  A bullfrog (D:7)
  7 wights (D:6)
  4 howler monkeys
  A jelly (D:7)
  3 hounds
  2 orc priests
  2 centaur skeletons
  Ijyb (D:3)
  2 iguanas
  11 orc wizards
  4 worker ants
  A hound skeleton (D:4)
  3 gnolls (D:5)
  12 adders
  6 river rats
  A shadow imp (D:8)
  A white imp (D:6)
  An ufetubus (D:8)
  3 oozes
  2 adder zombies
  An adder skeleton (D:7)
  5 worms
  6 dart slugs
  6 leopard geckos
  34 orcs
  6 ball pythons
  6 bats
  7 giant cockroaches
  4 goblins
  4 hobgoblins
  2 jackals (D:4)
  3 quokkas
  3 frilled lizards
  15 kobolds
  A leopard gecko skeleton (D:7)
  24 rats
209 creatures vanquished.

Vanquished Creatures (others)
  5 fungi (D:8)
  23 plants
28 creatures vanquished.

Grand Total: 237 creatures vanquished

Notes
Turn   | Place    | Note
-------+----------+-------------------------------------------
     0 | D:1      | Borgoz the Gargoyle Berserker began the quest for the Orb.
     0 | D:1      | Reached XP level 1. HP: 14/14 MP: 1/1
   524 | D:1      | Reached XP level 2. HP: 13/19 MP: 2/2
  1161 | D:2      | Reached XP level 3. HP: 19/23 MP: 3/3
  1435 | D:2      | Reached ** piety under Trog
  1674 | D:2      | Reached XP level 4. HP: 28/29 MP: 4/4
  1884 | D:3      | Reached skill level 4 in Fighting
  1922 | D:3      | Reached XP level 5. HP: 29/33 MP: 5/5
  1966 | D:3      | Noticed Ijyb
  1992 | D:3      | Killed Ijyb
  2277 | D:3      | Reached *** piety under Trog
  2297 | D:3      | Reached XP level 6. HP: 18/39 MP: 6/6
  2869 | D:4      | Found a glowing drain.
  2874 | Sewer    | Entered a sewer
  3160 | Sewer    | Reached **** piety under Trog
  3161 | Sewer    | Reached skill level 5 in Fighting
  3280 | Sewer    | Reached XP level 7. HP: 44/44 MP: 7/7
  4211 | D:4      | Found Wilol's General Store.
  4219 | D:4      | Bought a scroll of identify for 26 gold pieces
  4247 | D:4      | Found Facusid's Antique Armour Shoppe.
  4254 | D:4      | Found Hupt's Distillery.
  4315 | D:4      | Found a burning altar of Makhleb.
  4324 | D:4      | Reached skill level 5 in Maces & Flails
  4692 | D:5      | Entered Level 5 of the Dungeon
  4702 | D:5      | Reached skill level 5 in Armour
  4703 | D:5      | Noticed Grinder
  4723 | D:5      | Killed Grinder
  4724 | D:5      | Reached XP level 8. HP: 40/51 MP: 8/8
  4743 | D:6      | Reached skill level 6 in Fighting
  5293 | D:5      | Reached ***** piety under Trog
  5573 | D:6      | Noticed Prince Ribbit
  5580 | D:6      | Killed Prince Ribbit
  5807 | D:6      | Reached XP level 9. HP: 47/56 MP: 9/9
  5815 | D:6      | Reached skill level 7 in Fighting
  6139 | D:6      | Reached skill level 5 in Dodging
  7133 | D:7      | Found a staircase to the Ecumenical Temple.
  7181 | Temple   | Entered the Ecumenical Temple
  7503 | D:7      | Found a shimmering blue altar of Sif Muna.
  7503 | D:7      | Found a sacrificial altar of Ru.
  7508 | D:7      | Found a faded altar of an unknown god.
  7510 | D:7      | Found a bloodstained altar of Trog.
  7512 | D:7      | Found a faded altar of an unknown god.
  7824 | D:8      | Noticed a hornet
  7839 | D:8      | Killed a hornet
  7840 | D:8      | Reached skill level 8 in Fighting
  7878 | D:8      | Noticed a two-headed ogre
  7884 | D:8      | Mangled by a two-headed ogre

Illustrated notes

Levels and vault maps discovered:
D:1:      dpeg_arrival_shrine, layout_basic, serial_bayou_pond_a
D:2:      minmay_door_path, layout_basic
D:3:      layout_basic, serial_bayou_lake_a, uniq_ijyb
D:4:      layout_loops_cross, makhleb_heckhound_becter, serial_shops,
          nicolae_shop_crystal, nicolae_shop_trees, shop,
          lightli_sewer_entry_pipes, minmay_circle_x
D:5:      layout_cave_pools, amcnicky_mini_pool_small, uniq_grinder
D:6:      layout_gridville, uniq_prince_ribbit1
D:7:      layout_cave_pods, chequers_temple_overflow_minitemple,
          minmay_temple_entry_drinking_statues, minmay_diced_spiral
D:8:      layout_cave_pools, fedhas_altar_3, grunt_ministairs_4,
          kennysheep_generic_room_14, uniq_erica
Temple:   eino_temple_water

Skill      XL: |  1  2  3  4  5  6  7  8  9 |
---------------+----------------------------+-----
Dodging        | 2 3 4 5 |  5.8
Armour         | 3 4 5 6 7 |  7.7
Fighting       | 4 5 6 8 |  8.1
Maces & Flails | 4 5 6 7 |  7.4

Action                   |  1- 3 |  4- 6 |  7- 9 || total
-------------------------+-------+-------+-------++-------
Melee: Mace              |    40 |       |       ||    40
       Flail             |    38 |   289 |   295 ||   622
       Dire flail        |       |       |   146 ||   146
Invok: Berserk           |       |     6 |     7 ||    13
       Trog's Hand       |       |     1 |     2 ||     3
  Use: Scroll            |       |     7 |     5 ||    12
       Potion            |       |       |     1 ||     1
Armor: Scale mail        |    36 |   221 |   285 ||   542
       Animal skin       |     1 |       |       ||     1
Dodge: Dodged            |    46 |   208 |   349 ||   603
